cohdb
Replays
Latest Replays
All Replays
Popular Replays
Top Player Replays
Match Explorer
How It Works
Community
CoH3 Stats
Reddit
Sign in to upload your games and track your stats! →
Sign in with Steam
Match 42457222
Unlisted
Match 42457222
Overview
Messages
Build Orders
End
Construct Weapon Support Center
M1919 Machine Gun Team
Bazooka Squad
Sniper
M1919 Machine Gun Team
Selects Heavy Weapons
Selects M2HB .50cal Heavy Machine Gun
Bazooka Squad
Engineer Squad
Improved M9 Bazooka Rockets
M1919 Machine Gun Team
Mechanized Support Center
Bazooka Squad
Selects Assault Carriers
Selects Exchangeable Parts
Mortar Pit
Construct Tank Depot
M1919 Machine Gun Team
Construct Medical Station
狂歌
Yoddha
Tawny Owl
Sparkle
Mo-J
Wheeler
0
0
Comments
sign in to comment!
No comments posted yet!